 Dungeon Crawl Stone Soup version bcrawl-1.39.1 (console) character file.

Game seed: 17446150226792112702

275688 Lexodia the Martial Artist (level 8, -5/58 HPs)
             Began as a Demonspawn Martial Artist on Aug 2, 2023.
             Was an Elder of Wu Jian.
             Slain by an orc warrior
             ... wielding a +0 dire flail
              (16 damage)
             ... on level 6 of the Dungeon.
             The game lasted 00:14:15 (5364 turns).

Lexodia the Martial Artist (DsMA)                   Turns: 5364, Time: 00:14:16

Health: -5/58      AC:  6    Str: 15    XL:     8   Next: 95%
Magic:  20/20      EV: 12    Int: 11    God:    Wu Jian [****..]
Gold:   171        SH:  4    Dex: 15    Spells: 10/11 levels left

rFire    . . .     GDR:     27%   - Fists (12.3)
rCold    . . .     SeeInvis .   (no shield)
rNeg     + . .     Gourm    .   a - +0 robe
rPois    .         Faith    .   (helmet restricted)
rElec    +         Spirit   .   p - +0 cloak
rCorr    .         Reflect  +   (no gloves)
MR       .....                  k - +2 pair of boots
Stlth    +++.......             m - +4 amulet of reflection
HPRegen  0.19/turn              d - ring of magical power
MPRegen  0.17/turn              w - ring "Zujefomu" {+Fly rElec rN+}

@: heavily drained
A: antennae 1, hooves 2, foul stench 1, powered by pain 1, rot immunity
a: Wall Jump, Serpent's Lash, Heavenly Storm, Renounce Religion, Evoke Flight


You were on level 6 of the Dungeon.
You worshipped Wu Jian.
Wu Jian was greatly pleased with you.
You were near starving.

You visited 1 branch of the dungeon, and saw 7 of its levels.

You collected 283 gold pieces.
You spent 112 gold pieces at shops.

Inventory:

Armour
 a - a +0 robe (worn)
 k - a +2 pair of boots (worn)
 p - a +0 cloak (worn)
Jewellery
 d - a ring of magical power (left hand)
 m - a +4 amulet of reflection (around neck)
 v - an uncursed ring of magical power
 w - the ring "Zujefomu" (right hand) {+Fly rElec rN+}
   (You found it on level 6 of the Dungeon)

   [ring of flight]

   It insulates you from electricity.
   It protects you from negative energy.
   It lets you fly.
Wands
 g - a wand of clouds (6)
 n - a wand of paralysis (9)
 r - a wand of acid (3)
 u - a wand of disintegration (15)
Scrolls
 h - 7 scrolls of remove curse
 i - 8 scrolls of identify
 j - a scroll of fog
 o - 4 scrolls of teleportation
 x - a scroll of amnesia
 y - a scroll of revelation {unknown}
Potions
 b - 2 potions of agility
 c - 3 potions of magic
 f - 2 potions of heal wounds
 l - 2 potions of might
 q - 3 potions of curing
 s - a potion of haste
 t - a potion of invisibility
 z - a potion of lignification {unknown}
Comestibles
 e - 9 rations {!d}


   Skills:
 - Level 3.0(1.6) Fighting
 - Level 3.0(1.6) Dodging
 - Level 6.0(4.4) Stealth
 + Level 9.2(7.6) Unarmed Combat
 - Level 2.0(0.6) Spellcasting
 - Level 3.0(1.6) Hexes


You had 10 spell levels left.
You knew the following spells:

 Your Spells              Type           Power        Failure   Level  Hunger
a - Confusing Touch       Hex            #.......     17%         1    None
Your spell library was empty.

Dungeon Overview and Level Annotations

Branches:
Dungeon (7/12)             Temple (0/1) D:4
   Lair: D:7-9

Altars:
Dithmenos
Lugonu
Okawaru
Ru
Xom

Shops:
D:5 }

Annotations:
D:5 1 runed door
D:6 3 runed translucent doors, Exe's ghost, novice MiAc; pecorinoman's ghost, novice HESk; spanner's ghost, novice MiBe; yrara's ghost, novice DsFi


Innate Abilities, Weirdness & Mutations

You have a pair of small antennae on your head.
You have hoof-like feet.
You may emit foul miasma when damaged in melee.
You sometimes gain a little power by taking damage.
You are immune to rotting.


Message History

The orc warrior is heavily wounded.
The orc warrior hits you with a +0 dire flail!
You hit the orc warrior.
The orc warrior is severely wounded.
The orc warrior hits you with a +0 dire flail!
* * * LOW HITPOINT WARNING * * *
You hit the orc warrior.
The orc warrior is severely wounded.
You hit the orc warrior.
The orc warrior is almost dead.
The orc warrior barely misses you.
You hit the orc warrior but do no damage.
The orc warrior is almost dead.
The orc warrior misses you.
You barely miss the orc warrior.
The orc warrior is almost dead.
You hit the orc warrior.
The orc warrior is almost dead.
The orc warrior hits you with a +0 dire flail!
You die...

......................# #.#
).(..........#..).....# #.#
............##...>....# #.#
...........###.##[...#####.##
.......[.........)......##..#
#.....(##....#.##..####..##.#
###....#.......#...# #######
####............[..#
...............[@o.#
###.#..............##.#.
###...................+W
.######..........###..+W .#
#..........# #.+.. .#
####......(..## .#(.
.#..............## #.. ...#
#..........# (8 ..##
#..........#


You could see an orc warrior and pecorinoman's ghost.

Vanquished Creatures
  Sigmund (D:4)
  A black bear (D:5)
  3 sky beasts
  An ice beast (D:6)
  2 necrophages
  A bullfrog (D:6)
  A gnoll sergeant (D:6)
  A centaur (D:4)
  3 scorpions
  3 wights (D:6)
  2 orc priests
  A howler monkey (D:5)
  4 crimson imps
  A jelly (D:6)
  2 orc wizards
  A bullfrog skeleton (D:4)
  9 adders
  6 gnolls (D:6)
  3 river rats (D:6)
  2 shadow imps
  An ooze (D:5)
  An adder zombie (D:5)
  An adder skeleton (D:6)
  4 worms
  3 dart slugs
  2 leopard geckos
  17 orcs
  2 ball pythons
  4 giant cockroaches
  8 goblins
  8 hobgoblins
  3 quokkas
  3 bats
  5 frilled lizards
  A jackal zombie (D:5)
  8 kobolds
  A quokka skeleton (D:4)
  9 rats
129 creatures vanquished.

Vanquished Creatures (others)
  An orc (D:6)
1 creature vanquished.

Grand Total: 130 creatures vanquished

Notes
Turn   | Place    | Note
-------+----------+-------------------------------------------
     0 | D:1      | Lexodia the Demonspawn Martial Artist began the quest for
                  | the Orb.
     0 | D:1      | Reached XP level 1. HP: 18/18 MP: 2/2
   221 | D:1      | Gained mutation: You have a pair of small antennae on your
                  | head. [demonic ancestry]
   221 | D:1      | Reached XP level 2. HP: 23/24 MP: 4/4
   874 | D:1      | Gained mutation: You have large cloven feet. [demonic
                  | ancestry]
   874 | D:1      | Reached XP level 3. HP: 14/29 MP: 2/5
  1086 | D:2      | Reached ** piety under Wu Jian
  1482 | D:3      | Gained mutation: You sometimes gain a little power by
                  | taking damage. [demonic ancestry]
  1482 | D:3      | Reached XP level 4. HP: 21/35 MP: 7/7
  1589 | D:3      | Reached skill level 4 in Unarmed Combat
  1941 | D:3      | Noticed a necrophage
  1956 | D:3      | Killed a necrophage
  1957 | D:3      | Gained mutation: You are immune to rotting. [demonic
                  | ancestry]
  1957 | D:3      | Reached XP level 5. HP: 11/41 MP: 8/8
  2151 | D:3      | Noticed an angel
  2193 | D:3      | Found a glowing silver altar of Zin.
  2193 | D:3      | Found a shimmering altar of Xom.
  2554 | D:4      | Noticed Sigmund
  2602 | D:4      | Killed Sigmund
  2603 | D:4      | Reached skill level 5 in Unarmed Combat
  2603 | D:4      | Gained mutation: You may emit foul miasma when damaged in
                  | melee. [demonic ancestry]
  2603 | D:4      | Reached XP level 6. HP: 13/47 MP: 9/9
  2978 | D:4      | Gained mutation: You have hoof-like feet. [demonic
                  | ancestry]
  2978 | D:4      | Reached XP level 7. HP: 48/52 MP: 10/10
  3074 | D:4      | Found a staircase to the Ecumenical Temple.
  3077 | D:4      | Reached *** piety under Wu Jian
  3078 | D:4      | Reached skill level 5 in Stealth
  3293 | D:5      | Entered Level 5 of the Dungeon
  3298 | D:5      | Reached skill level 6 in Unarmed Combat
  3364 | D:5      | Found a glowing golden altar of the Shining One.
  3366 | D:5      | Found an iron altar of Okawaru.
  3366 | D:5      | Found a sacrificial altar of Ru.
  3775 | D:5      | Found Pust's Gadget Emporium.
  3779 | D:5      | Bought a wand of acid (3) for 112 gold pieces
  3951 | D:5      | Found a runed door.
  4038 | D:5      | Reached XP level 8. HP: 8/58 MP: 11/11
  4187 | D:5      | Found a corrupted altar of Lugonu.
  4261 | D:6      | Reached skill level 7 in Unarmed Combat
  4462 | D:6      | Reached skill level 8 in Unarmed Combat
  4505 | D:6      | Identified the ring "Zujefomu" {+Fly rElec rN+}
  4519 | D:6      | Found a shadowy altar of Dithmenos.
  4528 | D:6      | Reached **** piety under Wu Jian
  5095 | D:6      | Found a runed translucent gate.
  5095 | D:6      | Found a runed translucent gate.
  5096 | D:6      | Found a runed translucent gate.
  5103 | D:6      | Noticed pecorinoman's ghost (novice HESk)
  5116 | D:6      | Reached skill level 9 in Unarmed Combat
  5195 | D:6      | Noticed a two-headed ogre
  5340 | D:6      | Noticed spanner's ghost (novice MiBe)
  5352 | D:6      | Noticed Exe's ghost (novice MiAc)
  5353 | D:6      | Noticed yrara's ghost (novice DsFi)
  5364 | D:6      | Slain by an orc warrior

Skill      XL: |  1  2  3  4  5  6  7  8 |
---------------+-------------------------+-----
Dodging        | 3 |  3.0
Spellcasting   | 2 |  2.0
Stealth        | 2 3 4 6 |  6.0
Hexes          | 2 3 |  3.0
Unarmed Combat | 4 5 6 9 |  9.2
Fighting       | |  3.0

Action                   |  1- 3 |  4- 6 |  7- 9 || total
-------------------------+-------+-------+-------++-------
Melee: Unarmed           |   138 |   113 |   340 ||   591
       Kick              |    14 |       |       ||    14
       Punch             |     1 |     3 |    14 ||    18
 Cast: Confusing Touch   |     1 |     2 |     3 ||     6
 Abil: Lunge             |    17 |    12 |    22 ||    51
       Whirlwind         |     4 |    19 |    91 ||   114
       Serpent's Lash    |       |     2 |    10 ||    12
  Use: Potion            |       |     6 |     1 ||     7
       Scroll            |       |     4 |     1 ||     5
 Stab: Sleeping          |     7 |     3 |     7 ||    17
       Confused          |       |     1 |     5 ||     6
       Invisible         |       |     3 |       ||     3
       Distracted        |       |       |     1 ||     1
  Eat: Chunk             |     4 |     8 |    10 ||    22
       Ration            |       |       |     1 ||     1
Armor: Robe              |    12 |    21 |    50 ||    83
Dodge: Dodged            |    78 |    49 |   102 ||   229
Block: Other             |     1 |    12 |    43 ||    56
       Reflection        |       |     1 |     3 ||     4
